 Dungeon Crawl Stone Soup version 0.29.0-4-gdea44cf6ec (webtiles) character file.

Game seed: 16282132914688316244

9164 qw the Grappler (level 11, -1/94 HPs)
             Began as a Ghoul Fire Elementalist on Aug 29, 2022.
             Was an Elder of Okawaru.
             Slain by a komodo dragon (19 damage)
             ... on level 1 of the Lair of Beasts.
             The game lasted 00:07:28 (10509 turns).

qw the Grappler (Ghoul Fire Elementalist)          Turns: 10509, Time: 00:07:29

Health: -1/94      AC: 20    Str: 19    XL:     11   Next: 42%
Magic:  13/13      EV:  3    Int:  8    God:    Okawaru [****..]
Gold:   423        SH:  5    Dex: 15    Spells: 12/13 levels left

rFire   . . .      SeeInvis +     - Unarmed
rCold   + . .      Faith    .   l - +0 buckler
rNeg    + + +      Spirit   .   d - +6 crystal plate armour "Guxenyli" {+Blink rElec Str+2 Int-2}
rPois   inf        Reflect  .   n - +2 helmet {SInv}
rElec   +          Harm     .   h - +0 cloak
rCorr   .          Rampage  .   (no gloves)
Will    .....                   a - +2 pair of boots
Stlth   ..........              k - amulet of regeneration
HPRegen 0.00/turn               i - +6 ring of dexterity
MPRegen 0.13/turn               (no ring)

@: about to teleport, corroded, inhibited regen
A: claws 1, cold resistance 1, negative energy resistance 3, inhibited
regeneration, torment resistance 2, devour on kill
a: Renounce Religion, Evoke Blink, Heroism, Finesse


You were on level 1 of the Lair of Beasts.
You worshipped Okawaru.
Okawaru was greatly pleased with you.
You visited 3 branches of the dungeon, and saw 12 of its levels.

You collected 615 gold pieces.
You spent 192 gold pieces at shops.


Innate Abilities, Weirdness & Mutations

You are immune to poison.
You have sharp fingernails.
Your flesh is cold resistant. (rC+)
You are immune to negative energy. (rN+++)
You do not regenerate when monsters are visible.
You are immune to unholy pain and torment.
You thrive by killing the living.


   Skills:
 - Level 8.0 Fighting
 + Level 2.1 Throwing
 - Level 7.0 Armour
 - Level 1.7 Dodging
 - Level 2.1 Stealth
 - Level 3.5 Shields
 - Level 13.1 Unarmed Combat
 - Level 1.7 Spellcasting
 - Level 0.7 Conjurations
 - Level 2.4 Fire Magic
 + Level 4.8 Invocations


You had 12 spell levels left.
You knew the following spells:

 Your Spells              Type           Power      Damage    Failure   Level
a - Foxfire               Conj/Fire      12%        2x1d4     100%        1

Your spell library contained the following spells:

 Spells                   Type           Power      Damage    Failure   Level
 Scorch                   Fire           8%         2d5       100%        2
 Conjure Flame            Conj/Fire      3%         6-21      100%        3
 Inner Flame              Hex/Fire       2%         N/A       100%        3
 Flame Wave               Conj/Fire      3%         2d5       100%        4

Inventory:

Missiles
 b - 10 boomerangs
 u - 3 javelins (quivered)
Armour
 a - a +2 pair of boots (worn)
 d - the +6 crystal plate armour "Guxenyli" (worn) {+Blink rElec Str+2 Int-2}
   (You acquired it on level 2 of the Dungeon)

   Str:       It affects your strength (+2).
   Int:       It affects your intelligence (-2).
   rElec:     It insulates you from electricity.
   +Blink:    It lets you blink.
 h - a +0 cloak (worn)
 l - a +0 buckler (worn)
 n - a +2 helmet of see invisible (worn)
Jewellery
 i - a +6 ring of dexterity (left claw)
 k - an amulet of regeneration (around neck)
 q - an amulet of guardian spirit
 s - a +6 ring of strength
 t - a ring of ice
Scrolls
 c - 10 scrolls of identify
 g - 7 scrolls of teleportation
 p - a scroll of enchant weapon
Potions
 e - 3 potions of curing
 j - a potion of mutation
 m - a potion of haste
 o - a potion of magic
 r - 2 potions of might

Dungeon Overview and Level Annotations

Branches:
Dungeon (10/15)            Temple (1/1) D:6            Lair (1/5) D:10
    Orc (0/2) D:9

Altars:
Ashenzari
Cheibriados
Dithmenos
Fedhas
Gozag
Hepliaklqana
Kikubaaqudgha
Makhleb
Nemelex Xobeh
Okawaru
Qazlal
Ru
Sif Muna
Trog
Uskayaw
Vehumet
Wu Jian
Xom
Yredelemnul

Shops:
D:2 [   D:3 (   D:5 ?

Annotations:
D:7 2 transporters, qw's ghost, novice TeWr


Message History

The oklob plant is severely damaged.
The oklob plant spits acid at you.
The splash of acid hits you but does no damage.
The acid corrodes you!
You scratch the oklob plant but do no damage.
The oklob plant is severely damaged.
The komodo dragon bites you!!
10500 ||| READING 9 scrolls of teleportation.
As you read the scroll of teleportation, it crumbles to dust.
You feel strangely unstable. The oklob plant spits acid at you.
The splash of acid hits you! The komodo dragon bites you!!
10501 ||| DRINKING potion of heal wounds.
You feel much better. You block the komodo dragon's attack.
You claw the oklob plant!
The oklob plant is almost destroyed.
The oklob plant spits acid at you. The splash of acid hits you.
You scratch the oklob plant.
The oklob plant is almost destroyed.
Your surroundings seem slightly different.
10504 ||| READING 8 scrolls of teleportation.
As you read the scroll of teleportation, it crumbles to dust.
You feel strangely unstable. The oklob plant spits acid at you.
The splash of acid hits you but does no damage.
You scratch the komodo dragon.
The komodo dragon is lightly wounded.
You claw the komodo dragon!
The komodo dragon is moderately wounded.
The komodo dragon bites you.
You mangle the komodo dragon!!
The komodo dragon is almost dead.
You block the komodo dragon's attack.
You scratch the komodo dragon but do no damage.
The komodo dragon is almost dead.
You feel like a meek peon again. The komodo dragon bites you!!
You die...

##...####..# #..
##....##..P.### #..
#........P_P..#..
#.........P...$..
#...........>.....
#.................
#.................
#.........l.....[..
P.........@........
....#........$.##.
###.....#.##
####### #


You could see an oklob plant and a komodo dragon.

Vanquished Creatures
  A hydra (Lair:1)
  A two-headed ogre (D:9)
  Pikel (D:8)
  A cyclops (D:9)
  Maurice (D:8)
  Joseph (D:10)
  Psyche (D:10)
  2 komodo dragons
  2 trolls (D:9)
  Sigmund (D:6)
  A vampire (D:5)
  3 wyverns
  A yak (D:9)
  2 steam dragons (D:8)
  2 water moccasins
  2 black bears
  4 orc warriors
  An ogre (D:5)
  3 centaurs
  A lemure (D:8)
  8 wolves (Lair:1)
  3 kobold brigands
  4 bullfrogs
  A necrophage (D:5)
  A gnoll sergeant (D:9)
  3 scorpions
  3 wights
  10 killer bees
  4 howler monkeys
  An electric eel (D:6)
  3 hounds
  2 orc priests
  2 gnoll boudas
  4 jellies
  2 iguanas (D:4)
  5 orc wizards
  21 gnolls
  6 adders
  3 white imps
  An ufetubus (D:6)
  A worm (D:2)
  2 dart slugs
  20 orcs
  5 endoplasms
  A giant cockroach (D:3)
  6 goblins
  6 hobgoblins
  2 jackals (D:4)
  A quokka (D:5)
  5 ball pythons
  A bat (D:1)
  16 kobolds
  4 rats
189 creatures vanquished.

Vanquished Creatures (others)
  31 plants
31 creatures vanquished.

Grand Total: 220 creatures vanquished

Notes
Turn   | Place    | Note
-------+----------+-------------------------------------------
     0 | D:1      | qw the Ghoul Fire Elementalist began the quest for the Orb.
     0 | D:1      | Reached XP level 1. HP: 14/14 MP: 2/2
     0 | D:1      | 0 ||| qw: Version: 0.1-a-90-g952f4b7
     0 | D:1      | 0 ||| qw: Game counter: 4190
     0 | D:1      | 0 ||| qw: Always use a shield: true
     0 | D:1      | 0 ||| qw: God list: Okawaru
     0 | D:1      | 0 ||| qw: Allow faded altars: false
     0 | D:1      | 0 ||| qw: Do Orc after D:15 true
     0 | D:1      | 0 ||| qw: Do second Lair branch before Depths: true
     0 | D:1      | 0 ||| qw: Lair rune preference: random
     0 | D:1      | 0 ||| qw: Plans: Normal
     0 | D:1      | 0 ||| PLANNING D:1-11
   264 | D:1      | Reached skill level 1 in Unarmed Combat
   355 | D:1      | 355 ||| Stepping ~*~*~tactically~*~*~ (stealth).
   359 | D:1      | Reached skill level 1 in Fighting
   359 | D:1      | Reached XP level 2. HP: 21/23 MP: 3/3
   393 | D:1      | 393 ||| Stepping ~*~*~tactically~*~*~ (stealth).
   705 | D:1      | Reached skill level 2 in Unarmed Combat
  1058 | D:1      | 1058 ||| UPGRADING to +0 ring mail.
  1068 | D:1      | 1068 ||| DROPPING +0 robe.
  1069 | D:1      | 1069 ||| UPGRADING to +0 chain mail.
  1079 | D:1      | 1079 ||| DROPPING +0 ring mail.
  1080 | D:1      | 1080 ||| UPGRADING to +0 plate armour.
  1090 | D:1      | 1090 ||| DROPPING +0 chain mail.
  1091 | D:1      | 1091 ||| DROPPING amulet of faith.
  1092 | D:1      | 1092 ||| READING 2 scrolls labelled YMIULUPIPI.
  1095 | D:1      | 1095 ||| READING 2 scrolls labelled TINLOUMYGU.
  1096 | D:1      | 1096 ||| READING scroll labelled USHECS SUWAHIA.
  1097 | D:1      | 1097 ||| READING scroll labelled HENOTI DOUGUWU.
  1098 | D:1      | 1098 ||| READING scroll labelled GAUMNU CAOLU.
  1099 | D:1      | 1099 ||| DROPPING potion of magic.
  1100 | D:1      | 1100 ||| DROPPING scroll of magic mapping.
  1164 | D:2      | Found a faded altar of an unknown god.
  1182 | D:2      | Found Peocwing's Armour Shop.
  1189 | D:2      | 1189 ||| SHOPLISTING +1 chain mail of fire resistance (231
                  | gold, have 81).
  1338 | D:2      | Reached XP level 3. HP: 28/28 MP: 4/4
  1576 | D:2      | 1576 ||| Stepping ~*~*~tactically~*~*~ (stealth).
  1816 | D:2      | Reached skill level 3 in Unarmed Combat
  1980 | D:2      | 1980 ||| UPGRADING to +0 pair of boots.
  1985 | D:2      | 1985 ||| READING scroll labelled DUOMIU RUCI.
  1986 | D:2      | 1986 ||| READING scroll labelled YJIULE SOUZAO.
  1986 | D:2      | Identified a scroll of acquirement
  1986 | D:2      | 1986 ||| ACQUIRING +6 crystal plate armour "Guxenyli"
                  | {+Blink rElec Str+2 Int-2}
  1986 | D:2      | Acquired the +6 crystal plate armour "Guxenyli" {+Blink
                  | rElec Str+2 Int-2}
  1988 | D:2      | 1988 ||| UPGRADING to +6 crystal plate armour "Guxenyli"
                  | {+Blink rElec Str+2 Int-2}.
  1998 | D:2      | 1998 ||| DROPPING +0 plate armour.
  1999 | D:2      | 1999 ||| READING scroll labelled QOLARISUEL.
  2000 | D:2      | 2000 ||| READING scroll labelled VAFETE IKLU.
  2001 | D:2      | 2001 ||| DRINKING 2 yellow potions.
  2002 | D:2      | 2002 ||| READING 7 scrolls of identify.
  2002 | D:2      | 2002 ||| IDENTIFYING golden potion
  2003 | D:2      | 2003 ||| READING 6 scrolls of identify.
  2003 | D:2      | 2003 ||| IDENTIFYING brown potion
  2004 | D:2      | 2004 ||| DROPPING potion of flight.
  2135 | D:3      | 2135 ||| Stepping ~*~*~tactically~*~*~ (outnumbered).
  2136 | D:3      | 2136 ||| STAIRDANCE
  2148 | D:2      | Reached skill level 1 in Armour
  2320 | D:2      | 2320 ||| UPGRADING to +2 pair of boots.
  2330 | D:2      | 2330 ||| DROPPING +0 pair of boots.
  2333 | D:3      | 2333 ||| STAIRDANCE
  2339 | D:2      | Reached XP level 4. HP: 34/35 MP: 5/5
  2537 | D:3      | Noticed a scorpion
  2547 | D:3      | Killed a scorpion
  2548 | D:3      | Reached skill level 4 in Unarmed Combat
  2548 | D:3      | Reached XP level 5. HP: 40/40 MP: 6/6
  2601 | D:3      | Found Ruweiqej's Weapon Emporium.
  2693 | D:3      | 2693 ||| Stepping ~*~*~tactically~*~*~ (stealth).
  2765 | D:3      | 2765 ||| Stepping ~*~*~tactically~*~*~ (stealth).
  2791 | D:3      | 2791 ||| Stepping ~*~*~tactically~*~*~ (stealth).
  2792 | D:3      | 2792 ||| Stepping ~*~*~tactically~*~*~ (stealth).
  2796 | D:3      | 2796 ||| Stepping ~*~*~tactically~*~*~ (stealth).
  2994 | D:3      | You fall into a shaft and drop 1 floor!
  3066 | D:4      | Found a hide-covered altar of Uskayaw.
  3073 | D:4      | Found a sparkling altar of Nemelex Xobeh.
  3103 | D:4      | Reached XP level 6. HP: 41/48 MP: 7/7
  3208 | D:4      | Reached skill level 5 in Unarmed Combat
  3471 | D:3      | 3471 ||| READING 7 scrolls of identify.
  3471 | D:3      | 3471 ||| IDENTIFYING fizzy white potion
  3589 | D:4      | 3589 ||| Stepping ~*~*~tactically~*~*~ (stealth).
  3868 | D:4      | Found an opulent altar of Gozag.
  4033 | D:5      | Entered Level 5 of the Dungeon
  4034 | D:5      | 4034 ||| STAIRDANCE
  4048 | D:5      | Reached skill level 6 in Unarmed Combat
  4048 | D:5      | 4048 ||| STAIRDANCE
  4114 | D:5      | Noticed a vampire
  4122 | D:5      | 4122 ||| DRINKING 3 potions of curing.
  4122 | D:5      | 4122 ||| (to cure confusion)
  4130 | D:5      | 4130 ||| DRINKING 2 potions of curing.
  4130 | D:5      | 4130 ||| (to cure confusion)
  4131 | D:5      | Killed a vampire
  4132 | D:5      | Reached XP level 7. HP: 55/59 MP: 8/8
  4161 | D:5      | HP: 13/59 [ogre/+0 giant club (17)]
  4162 | D:5      | 4162 ||| READING 3 scrolls of teleportation.
  4163 | D:5      | 4163 ||| DRINKING 2 potions of heal wounds.
  4165 | D:5      | Reached skill level 3 in Armour
  4251 | D:5      | Found a hazy altar of Hepliaklqana.
  4509 | D:5      | 4509 ||| Stepping ~*~*~tactically~*~*~ (stealth).
  4646 | D:5      | 4646 ||| Stepping ~*~*~tactically~*~*~ (hiding).
  4656 | D:5      | Reached skill level 7 in Unarmed Combat
  4781 | D:5      | Reached XP level 8. HP: 66/66 MP: 9/9
  4850 | D:5      | Found Vonuanlorum's Magic Scroll Emporium.
  4858 | D:5      | 4858 ||| BUYING scroll of enchant weapon (82 gold).
  4858 | D:5      | Bought a scroll of enchant weapon for 82 gold pieces
  4858 | D:5      | 4858 ||| BUYING scroll of identify (22 gold).
  4858 | D:5      | Bought a scroll of identify for 22 gold pieces
  4858 | D:5      | 4858 ||| BUYING scroll of identify (22 gold).
  4858 | D:5      | Bought a scroll of identify for 22 gold pieces
  4858 | D:5      | 4858 ||| BUYING scroll of teleportation (33 gold).
  4858 | D:5      | Bought a scroll of teleportation for 33 gold pieces
  4858 | D:5      | 4858 ||| BUYING scroll of teleportation (33 gold).
  4858 | D:5      | Bought a scroll of teleportation for 33 gold pieces
  4878 | D:5      | 4878 ||| UPGRADING to +1 hat.
  4883 | D:5      | 4883 ||| UPGRADING to +0 buckler.
  4888 | D:5      | 4888 ||| READING scroll labelled PATEHURURGHO.
  4889 | D:5      | 4889 ||| READING scroll labelled ACRIANOEMUIM.
  4890 | D:5      | 4890 ||| READING scroll labelled KAN YHAUPTI.
  4891 | D:5      | 4891 ||| READING 10 scrolls of identify.
  4891 | D:5      | 4891 ||| IDENTIFYING fuming orange potion
  4892 | D:5      | 4892 ||| READING 9 scrolls of identify.
  4892 | D:5      | 4892 ||| IDENTIFYING murky cyan potion
  4893 | D:5      | 4893 ||| DROPPING potion of lignification.
  4894 | D:5      | 4894 ||| DROPPING potion of ambrosia.
  4913 | D:6      | 4913 ||| Stepping ~*~*~tactically~*~*~ (outnumbered).
  4914 | D:6      | 4914 ||| STAIRDANCE
  4927 | D:5      | Reached skill level 1 in Shields
  5054 | D:6      | 5054 ||| STAIRDANCE
  5140 | D:6      | Reached skill level 8 in Unarmed Combat
  5321 | D:6      | 5321 ||| FLEEEEING.
  5325 | D:6      | 5325 ||| STAIRDANCE
  5606 | D:6      | Noticed Sigmund
  5620 | D:6      | Killed Sigmund
  5621 | D:6      | Reached skill level 9 in Unarmed Combat
  5673 | D:6      | Found a staircase to the Ecumenical Temple.
  5674 | D:6      | 5674 ||| PLANNING TEMPLE
  5684 | D:6      | 5684 ||| Stepping ~*~*~tactically~*~*~ (stealth).
  5710 | Temple   | Entered the Ecumenical Temple
  5716 | Temple   | Became a worshipper of Warmaster Okawaru
  5756 | Temple   | 5756 ||| PLANNING D:1-11
  6028 | D:6      | Found a burning altar of Makhleb.
  6037 | D:6      | Reached XP level 9. HP: 51/72 MP: 10/10
  6267 | D:6      | Found a blossoming altar of Fedhas.
  6267 | D:6      | Found a basalt altar of Yredelemnul.
  6369 | D:6      | 6369 ||| READING scroll labelled INEXICWINE.
  6370 | D:6      | 6370 ||| READING scroll labelled WETEOK JEYVER.
  6371 | D:6      | 6371 ||| READING 10 scrolls of identify.
  6371 | D:6      | 6371 ||| IDENTIFYING red potion
  6495 | D:7      | Reached skill level 10 in Unarmed Combat
  6569 | D:7      | 6569 ||| Stepping ~*~*~tactically~*~*~ (hiding).
  6570 | D:7      | 6570 ||| Stepping ~*~*~tactically~*~*~ (hiding).
  6571 | D:7      | 6571 ||| Stepping ~*~*~tactically~*~*~ (hiding).
  6576 | D:7      | Reached skill level 1 in Throwing
  6580 | D:7      | Reached * piety under Okawaru
  6641 | D:7      | Found a transporter.
  6647 | D:7      | Found a transporter.
  6648 | D:7      | Found a bloodstained altar of Trog.
  6648 | D:7      | Noticed a moth of wrath
  6648 | D:7      | Noticed qw's ghost (novice TeWr)
  6697 | D:7      | Reached skill level 1 in Invocations
  6858 | D:7      | 6858 ||| Stepping ~*~*~tactically~*~*~ (stealth).
  6877 | D:7      | 6877 ||| INVOKING Heroism.
  6924 | D:7      | Found a radiant altar of Vehumet.
  7324 | D:7      | 7324 ||| UPGRADING to +6 ring of dexterity.
  7325 | D:7      | 7325 ||| READING 10 scrolls of identify.
  7325 | D:7      | 7325 ||| IDENTIFYING emerald potion
  7326 | D:7      | 7326 ||| DROPPING potion of degeneration.
  7423 | D:8      | Noticed Pikel
  7424 | D:8      | 7424 ||| INVOKING Heroism.
  7425 | D:8      | 7425 ||| Stepping ~*~*~tactically~*~*~ (stealth).
  7426 | D:8      | 7426 ||| Stepping ~*~*~tactically~*~*~ (stealth).
  7430 | D:8      | 7430 ||| Stepping ~*~*~tactically~*~*~ (stealth).
  7431 | D:8      | 7431 ||| Stepping ~*~*~tactically~*~*~ (stealth).
  7435 | D:8      | 7435 ||| Stepping ~*~*~tactically~*~*~ (stealth).
  7437 | D:8      | 7437 ||| Stepping ~*~*~tactically~*~*~ (stealth).
  7438 | D:8      | 7438 ||| INVOKING Heroism.
  7439 | D:8      | 7439 ||| Stepping ~*~*~tactically~*~*~ (outnumbered).
  7440 | D:8      | 7440 ||| Stepping ~*~*~tactically~*~*~ (outnumbered).
  7441 | D:8      | 7441 ||| Stepping ~*~*~tactically~*~*~ (outnumbered).
  7442 | D:8      | 7442 ||| Stepping ~*~*~tactically~*~*~ (outnumbered).
  7451 | D:8      | Killed Pikel
  7452 | D:8      | Reached skill level 6 in Fighting
  7460 | D:8      | 7460 ||| INVOKING Heroism.
  7568 | D:8      | 7568 ||| Stepping ~*~*~tactically~*~*~ (hiding).
  7574 | D:8      | 7574 ||| INVOKING Heroism.
  7577 | D:8      | 7577 ||| Stepping ~*~*~tactically~*~*~ (cloud).
  7596 | D:8      | 7596 ||| READING scroll of acquirement.
  7596 | D:8      | 7596 ||| ACQUIRING +1 helmet of see invisible
  7596 | D:8      | Acquired a +1 helmet of see invisible
  7598 | D:8      | 7598 ||| UPGRADING to +1 helmet of see invisible.
  7608 | D:8      | 7608 ||| DROPPING +1 hat.
  7648 | D:8      | 7648 ||| INVOKING Heroism.
  7650 | D:8      | 7650 ||| Stepping ~*~*~tactically~*~*~ (cloud).
  7657 | D:8      | Noticed Maurice
  7661 | D:8      | Reached XP level 10. HP: 83/83 MP: 10/12
  7667 | D:8      | Killed Maurice
  7667 | D:8      | Reached ** piety under Okawaru
  7668 | D:8      | Reached skill level 11 in Unarmed Combat
  7678 | D:8      | 7678 ||| UPGRADING to +0 cloak.
  7694 | D:8      | 7694 ||| Stepping ~*~*~tactically~*~*~ (stealth).
  7696 | D:8      | 7696 ||| Stepping ~*~*~tactically~*~*~ (stealth).
  7697 | D:8      | 7697 ||| Stepping ~*~*~tactically~*~*~ (outnumbered).
  7698 | D:8      | 7698 ||| Stepping ~*~*~tactically~*~*~ (outnumbered).
  7699 | D:8      | 7699 ||| INVOKING Heroism.
  7700 | D:8      | 7700 ||| Stepping ~*~*~tactically~*~*~ (outnumbered).
  7701 | D:8      | 7701 ||| Stepping ~*~*~tactically~*~*~ (outnumbered).
  7702 | D:8      | 7702 ||| Stepping ~*~*~tactically~*~*~ (outnumbered).
  7703 | D:8      | 7703 ||| Stepping ~*~*~tactically~*~*~ (outnumbered).
  7704 | D:8      | 7704 ||| Stepping ~*~*~tactically~*~*~ (outnumbered).
  7705 | D:8      | 7705 ||| Stepping ~*~*~tactically~*~*~ (outnumbered).
  7706 | D:8      | 7706 ||| Stepping ~*~*~tactically~*~*~ (outnumbered).
  7719 | D:8      | 7719 ||| Stepping ~*~*~tactically~*~*~ (outnumbered).
  7828 | D:8      | 7828 ||| INVOKING Heroism.
  7829 | D:8      | Found a shadowy altar of Dithmenos.
  7837 | D:8      | 7837 ||| Stepping ~*~*~tactically~*~*~ (outnumbered).
  7848 | D:8      | 7848 ||| Stepping ~*~*~tactically~*~*~ (stealth).
  7871 | D:8      | 7871 ||| INVOKING Heroism.
  8105 | D:8      | 8105 ||| INVOKING Heroism.
  8325 | D:8      | 8325 ||| UPGRADING to amulet of regeneration.
  8360 | D:9      | 8360 ||| INVOKING Heroism.
  8364 | D:9      | 8364 ||| Stepping ~*~*~tactically~*~*~ (outnumbered).
  8366 | D:9      | 8366 ||| Stepping ~*~*~tactically~*~*~ (outnumbered).
  8367 | D:9      | 8367 ||| Stepping ~*~*~tactically~*~*~ (outnumbered).
  8368 | D:9      | 8368 ||| Stepping ~*~*~tactically~*~*~ (hiding).
  8382 | D:9      | Reached skill level 6 in Armour
  8386 | D:9      | 8386 ||| Stepping ~*~*~tactically~*~*~ (outnumbered).
  8399 | D:9      | 8399 ||| Stepping ~*~*~tactically~*~*~ (stealth).
  8400 | D:9      | 8400 ||| Stepping ~*~*~tactically~*~*~ (stealth).
  8430 | D:9      | Identified the +4 flail of the Ten Priests {antimagic,
                  | Fragile rC++ rCorr Str+4}
  8470 | D:9      | 8470 ||| INVOKING Heroism.
  8547 | D:9      | Found a shimmering blue altar of Sif Muna.
  8555 | D:9      | 8555 ||| DRINKING 3 potions of curing.
  8555 | D:9      | 8555 ||| (to cure confusion)
  8564 | D:9      | 8564 ||| Stepping ~*~*~tactically~*~*~ (hiding).
  8567 | D:9      | 8567 ||| INVOKING Heroism.
  8570 | D:9      | 8570 ||| Stepping ~*~*~tactically~*~*~ (outnumbered).
  8579 | D:9      | 8579 ||| Stepping ~*~*~tactically~*~*~ (outnumbered).
  8638 | D:9      | Noticed a cyclops
  8639 | D:9      | 8639 ||| INVOKING Heroism.
  8647 | D:9      | Killed a cyclops
  8648 | D:9      | Reached skill level 12 in Unarmed Combat
  8819 | D:9      | Reached *** piety under Okawaru
  8841 | D:9      | 8841 ||| INVOKING Heroism.
  8844 | D:9      | Reached skill level 3 in Shields
  8845 | D:9      | Noticed a two-headed ogre
  8853 | D:9      | Killed a two-headed ogre
  8857 | D:9      | Found a staircase to the Orcish Mines.
  9150 | D:9      | 9150 ||| READING 10 scrolls of identify.
  9150 | D:9      | 9150 ||| IDENTIFYING purple potion
  9190 | D:10     | Entered Level 10 of the Dungeon
  9254 | D:10     | 9254 ||| Stepping ~*~*~tactically~*~*~ (stealth).
  9256 | D:10     | 9256 ||| Stepping ~*~*~tactically~*~*~ (stealth).
  9261 | D:10     | Noticed Psyche
  9262 | D:10     | 9262 ||| INVOKING Heroism.
  9266 | D:10     | Killed Psyche
  9277 | D:10     | 9277 ||| Stepping ~*~*~tactically~*~*~ (hiding).
  9278 | D:10     | 9278 ||| Stepping ~*~*~tactically~*~*~ (hiding).
  9282 | D:10     | Reached XP level 11. HP: 92/92 MP: 13/13
  9301 | D:10     | Noticed Joseph
  9302 | D:10     | 9302 ||| Stepping ~*~*~tactically~*~*~ (stealth).
  9324 | D:10     | 9324 ||| INVOKING Heroism.
  9326 | D:10     | Killed Joseph
  9326 | D:10     | Received a gift from Okawaru
  9355 | D:10     | 9355 ||| READING scroll of enchant armour.
  9355 | D:10     | 9355 ||| ENCHANTING +1 helmet of see invisible.
  9430 | D:10     | 9430 ||| INVOKING Heroism.
  9441 | D:10     | Reached skill level 13 in Unarmed Combat
  9463 | D:10     | 9463 ||| INVOKING Heroism.
  9471 | D:10     | 9471 ||| Stepping ~*~*~tactically~*~*~ (outnumbered).
  9472 | D:10     | 9472 ||| Stepping ~*~*~tactically~*~*~ (outnumbered).
  9473 | D:10     | 9473 ||| Stepping ~*~*~tactically~*~*~ (outnumbered).
  9475 | D:10     | 9475 ||| Stepping ~*~*~tactically~*~*~ (outnumbered).
  9496 | D:10     | Noticed a two-headed ogre
  9497 | D:10     | 9497 ||| Stepping ~*~*~tactically~*~*~ (stealth).
  9601 | D:10     | 9601 ||| INVOKING Heroism.
  9604 | D:10     | 9604 ||| Stepping ~*~*~tactically~*~*~ (stealth).
  9646 | D:10     | Found a staircase to the Lair.
 10002 | D:10     | 10002 ||| Stepping ~*~*~tactically~*~*~ (stealth).
 10050 | D:10     | 10050 ||| READING scroll labelled OFRYMU ENWYTTOST.
 10051 | D:10     | 10051 ||| PLANNING LAIR
 10051 | D:10     | 10051 ||| READING 12 scrolls of identify.
 10051 | D:10     | 10051 ||| IDENTIFYING cyan potion
 10052 | D:10     | 10052 ||| READING 11 scrolls of identify.
 10052 | D:10     | 10052 ||| IDENTIFYING lumpy golden potion
 10053 | D:10     | 10053 ||| DROPPING potion of berserk rage.
 10054 | D:10     | 10054 ||| DROPPING potion of brilliance.
 10099 | Lair:1   | Entered Level 1 of the Lair of Beasts
 10288 | Lair:1   | 10288 ||| INVOKING Heroism.
 10337 | Lair:1   | Identified the +5 hand axe "Rahang" {drain, rC+ Stlth+}
 10353 | Lair:1   | Reached **** piety under Okawaru
 10433 | Lair:1   | Noticed an eight-headed hydra
 10434 | Lair:1   | 10434 ||| INVOKING Heroism.
 10440 | Lair:1   | Killed an eight-headed hydra
 10486 | Lair:1   | Noticed an oklob plant
 10487 | Lair:1   | 10487 ||| INVOKING Heroism.
 10500 | Lair:1   | 10500 ||| READING 9 scrolls of teleportation.
 10500 | Lair:1   | HP: 10/94 [komodo dragon (18)]
 10501 | Lair:1   | 10501 ||| DRINKING potion of heal wounds.
 10504 | Lair:1   | 10504 ||| READING 8 scrolls of teleportation.
 10507 | Lair:1   | HP: 18/94 [komodo dragon (5)]
 10509 | Lair:1   | Slain by a komodo dragon

Levels and vault maps discovered:
D:1:      saegor_arrival_miasma, layout_basic, minmay_split_cup_small
D:2:      layout_basic, hellmonk_ecumenical_altar_crossroads, serial_glass,
          glass_columns_a, glass_columns_b, glass_columns_b, glass_columns_b,
          serial_shops, shop, st_stairs_14
D:3:      layout_loops_ring, serial_shops, shop, serial_bayou_lagoon_a
D:4:      layout_loops_corners, overflow_temple_1_default,
          mainiacjoe_overflow_catwalk_spiral, nicolae_underground_beach
D:5:      cheibrodos_helix_gallery, layout_basic, lemuel_doored_altar,
          serial_shops, shop_fountains
D:6:      layout_loops_ring, nicolae_overflow_two_pavilions,
          mainiacjoe_overflow_cross_hatched,
          mainiacjoe_overflow_six_doors_small, temple_pool_b, uniq_sigmund
D:7:      layout_basic, mainiacjoe_overflow_alcove_2, lemuel_crystal_altar,
          gammafunk_ghost_wrathful_warriors, hangedman_decor_diamond_cutter
D:8:      layout_gridville, mainiacjoe_overflow_concentric_impassable,
          uniq_maurice, uniq_pikel
D:9:      layout_roguey, led_sif_book, orc_0_dummy, minmay_starry_boxes
D:10:     layout_loops_ring, lair_entry_dummy, uniq_joseph, uniq_psyche
Temple:   eino_wide_crystal_templ
Lair:1:   beast_lair_carwin_large_2, layout_hall_layers, lemuel_oklob_altar,
          lemuel_fruit_tree

Skill      XL: |  1  2  3  4  5  6  7  8  9 10 11 |
---------------+----------------------------------+-----
Unarmed Combat | 1 2 3 4 6 7 9 10 12 13 | 13.1
Fighting       | 1 2 4 6 7 8 |  8.0
Armour         | 1 2 3 4 5 6 7 |  7.0
Shields        | 2 3 |  3.5
Throwing       | 1 2 |  2.1
Invocations    | 4 |  4.8
Dodging        | |  1.7
Stealth        | |  2.1
Spellcasting   | |  1.7
Conjurations   | |  0.7
Fire Magic     | |  2.4

Action                   |  1- 3 |  4- 6 |  7- 9 | 10-12 || total
-------------------------+-------+-------+-------+-------++-------
Melee: Unarmed           |   120 |   144 |   275 |   251 ||   790
       Punch             |     2 |     1 |       |       ||     3
Throw: Boomerang         |       |    22 |    38 |    22 ||    82
       Javelin           |       |       |       |    19 ||    19
Invok: Heroism           |       |       |     6 |    17 ||    23
  Use: Scroll            |    11 |     1 |    11 |     7 ||    30
       Potion            |     1 |     2 |     1 |     2 ||     6
Armor: Robe              |     4 |       |       |       ||     4
       Plate armour      |    38 |       |       |       ||    38
       Crystal plate arm |    16 |   139 |   300 |   176 ||   631
Dodge: Dodged            |    26 |     2 |    16 |    46 ||    90
Block: Buckler           |       |       |    39 |    56 ||    95

Table legend:
 A = Non-vault XP
 B = Vault XP
 C = Vault XP percentage of total XP
 D = Non-vault monster count
 E = Vault monster count
 F = Vault count percentage of total count
                 A         B        C        D         E       F
            +---------+---------+-------+---------+---------+-------
      Total |    9442 |    3650 |  27.9 |     166 |      22 |  11.7
            +---------+---------+-------+---------+---------+-------
        D:1 |      20 |       5 |  20.0 |      12 |       3 |  20.0
        D:2 |      48 |      17 |  26.2 |      11 |       2 |  15.4
        D:3 |     190 |       0 |   0.0 |      16 |       0 |   0.0
        D:4 |     235 |       0 |   0.0 |      17 |       0 |   0.0
        D:5 |     808 |     102 |  11.2 |      13 |       2 |  13.3
        D:6 |     827 |     226 |  21.5 |      15 |       1 |   6.2
        D:7 |     992 |       0 |   0.0 |      15 |       0 |   0.0
        D:8 |    1151 |    1166 |  50.3 |      19 |       2 |   9.5
        D:9 |    2199 |     635 |  22.4 |      19 |       4 |  17.4
       D:10 |    1455 |     890 |  38.0 |      24 |       2 |   7.7
     Lair:1 |    1517 |     609 |  28.6 |       5 |       6 |  54.5
            +---------+---------+-------+---------+---------+-------
